 Dungeon Crawl Stone Soup version 0.30-a0-847-g17996783a1 (webtiles) character file.

Game seed: 15340407564191515936

252398 demibob the Tortoise (level 20, -6/142 HPs)
             Began as a Gargoyle Fighter on Mar 3, 2023.
             Was an Initiate of Gozag.
             Constricted to death by Cigotuvi's Monster (21 damage)
             ... in a wizard's laboratory.
             The game lasted 00:53:22 (30874 turns).

demibob the Tortoise (Gargoyle Fighter)            Turns: 30874, Time: 00:53:23

Health: -6/142     AC: 50    Str: 21    XL:     20   Next: 12%
Magic:  0/20       EV: 12    Int: 16    God:    Gozag
Gold:   4974       SH: 17    Dex: 15    Spells: 19/19 levels left

rFire   + + .      SeeInvis +    a - +9 morningstar (heavy)
rCold   + + .      Faith    .    j - +2 shield of Resistance {rF++ rC++ Will++}
rNeg    + . .      Spirit   +    q - +4 chain mail of Nuujuoth {Will+ Slay+2 SInv}
rPois   ∞          Reflect  .    i - +1 helmet
rElec   +          Rampage  .    T - +2 cloak {Will+}
rCorr   .                        m - +0 pair of gloves
Will    +++++                    E - +1 pair of boots Stlth
                                 o - amulet of guardian spirit
HPRegen 1.23/turn                M - ring "Ummug" {EV+5 Int+5}
MPRegen 0.17/turn                n - ring of Shadows {Umbra +Inv Stlth+}

@: flying, wreathed by umbra, constricted, studying Transmutations
A: sickness immunity, AC +15, big wings, negative energy resistance 1,
electricity resistance, torment resistance 1, petrification resistance, fangs 1,
iridescent scales 2, regeneration 1
}: 1/15 runes: gossamer
a: Renounce Religion, Evoke Invisibility, Potion Petition, Call Merchant, Bribe
Branch


You were in a wizard's laboratory.
You worshipped Gozag.
Gozag was most pleased with you.
You visited 6 branches of the dungeon, and saw 31 of its levels.
You also visited: Ossuary, Bailey, Gauntlet and Wizlab.

You collected 17055 gold pieces.
You spent 5789 gold pieces at shops.
You paid 6292 gold pieces to Gozag.


Innate Abilities, Weirdness & Mutations

You are immune to sickness and miasma.
Your stone body is resilient. (AC +15)
You are immune to poison.
Your large and strong wings let you fly.
You resist negative energy. (rN+)
You are resistant to electric shocks. (rElec)
You are resistant to unholy torment.
You are immune to petrification.
You have very sharp teeth.
You are mostly covered in iridescent scales. (AC +4)
Your natural rate of healing is unusually fast.


   Skills:
 + Level 20.5 Fighting
 - Level 16.0 Maces & Flails
 + Level 20.7 Armour
 - Level 4.8 Dodging
 - Level 19.7 Shields


You had 19 spell levels left.
You didn't know any spells.
Your spell library contained the following spells:

 Spells                   Type           Power      Damage    Failure   Level
 Foxfire                  Conj/Fire      0%         2x1d4     78%         1
 Freeze                   Ice            0%         1d3       78%         1
 Shock                    Conj/Air       0%         1d3       78%         1
 Summon Small Mammal      Summ           0%         N/A       78%         1
 Blink                    Tloc           0%         N/A       89%         2
 Lesser Beckoning         Tloc           0%         N/A       89%         2
 Momentum Strike          Conj/Tloc      0%         3d8       89%         2
 Passwall                 Tmut/Erth      0%         N/A       89%         2
 Poisonous Vapours        Pois/Air       0%         N/A       89%         2
 Scorch                   Fire           0%         2d5       89%         2
 Wereblood                Tmut           0%         N/A       89%         2
 Call Canine Familiar     Summ           0%         N/A       98%         3
 Frozen Ramparts          Ice            0%         1d1       98%         3
 Gell's Gravitas          Tloc           0%         N/A       98%         3
 Hailstorm                Conj/Ice       0%         3d3       98%         3
 Ignite Poison            Fire/Tmut/Pois 0%         N/A       98%         3
 Inner Flame              Hex/Fire       0%         N/A       98%         3
 Mephitic Cloud           Conj/Pois/Air  0%         N/A       98%         3
 Portal Projectile        Hex/Tloc       0%         N/A       98%         3
 Summon Guardian Golem    Hex/Summ       0%         N/A       98%         3
 Swiftness                Air            0%         N/A       98%         3
 Teleport Other           Tloc           0%         N/A       98%         3
 Tukima's Dance           Hex            0%         N/A       98%         3
 Airstrike                Air            0%         2d(0-16)  100%        4
 Anguish                  Hex/Necr       0%         N/A       100%        4
 Cause Fear               Hex            0%         N/A       100%        4
 Dispel Undead            Necr           0%         3d6       100%        4
 Flame Wave               Conj/Fire      0%         2d4       100%        4
 Ice Form                 Ice/Tmut       0%         N/A       100%        4
 Leda's Liquefaction      Hex/Erth       0%         N/A       100%        4
 Manifold Assault         Tloc           0%         N/A       100%        4
 Sticky Flame             Conj/Fire      0%         2d3       100%        4
 Blade Hands              Tmut           0%         N/A       100%        5
 Fireball                 Conj/Fire      0%         3d3       100%        5
 Irradiate                Conj/Tmut      0%         3d11      100%        5
 Lee's Rapid Deconstruct  Erth           0%         3d4*      100%        5
 Yara's Violent Unravell  Hex/Tmut       0%         3d3       100%        5
 Death Channel            Necr           0%         N/A       100%        6
 Eringya's Noxious Bog    Tmut/Pois      0%         N/A       100%        6
 Starburst                Conj/Fire      0%         6d3       100%        6
 Summon Cactus Giant      Summ           0%         N/A       100%        6
 Dragon Form              Tmut           0%         N/A       100%        7
 Enfeeble                 Hex            0%         N/A       100%        7
 Orb of Destruction       Conj           0%         9d5       100%        7
 Spellforged Servitor     Conj/Summ      0%         N/A       100%        7
 Storm Form               Tmut/Air       0%         N/A       100%        7
 Summon Hydra             Summ           0%         N/A       100%        7
 Infestation              Necr           0%         N/A       100%        8
 Dragon's Call            Summ           0%         N/A       100%        9
 Cigotuvi's Dreadful Rot  Necr/Pois/Air  Unusable   N/A       N/A         2
 Sublimation of Blood     Necr           Unusable   N/A       N/A         2
 Animate Dead             Necr           Unusable   N/A       N/A         4
 Simulacrum               Ice/Necr       Unusable   N/A       N/A         6
 Statue Form              Tmut/Erth      Unusable   N/A       N/A         6

Inventory:

Hand Weapons
 a - a +9 heavy morningstar (weapon)
 w - a +0 demon whip of draining
Missiles
 G - 4 throwing nets {=f}
Armour
 i - a +1 helmet (worn)
 j - the +2 shield of Resistance (worn) {rF++ rC++ Will++}
   (You bought it in a shop on level 12 of the Dungeon)

   rF:        It greatly protects you from fire.
   rC:        It greatly protects you from cold.
   Will:      It greatly increases your willpower.
 m - a +0 pair of gloves (worn)
 q - the +4 chain mail of Nuujuoth (worn) {Will+ Slay+2 SInv}
   (You bought it in a shop on level 6 of the Dungeon)

   Slay:      It affects your accuracy & damage with ranged weapons and melee
   (+2).
   SInv:      It lets you see invisible.
   Will:      It increases your willpower.
 E - a +1 pair of boots (worn)
 F - a +1 plate armour of willpower
 T - a +2 cloak of willpower (worn)
Magical Staves
 A - a staff of death {!a}
Jewellery
 f - an amulet of magic regeneration
 n - the ring of Shadows (right hand) {Umbra +Inv Stlth+}
   (You bought it in a shop on level 9 of the Dungeon)

   [ring of stealth]

   Umbra:     It surrounds you with an aura of shadow, increasing your stealth
   and reducing the accuracy of all others within it.
   +Inv:      It lets you turn invisible.
   Stlth:     It makes you more stealthy.
 o - an amulet of guardian spirit (around neck)
 u - the ring "Wyess" {rPois rF+ Will+}
   (You bought it in a shop on level 9 of the Dungeon)

   [ring of poison resistance]

   rF:        It protects you from fire.
   rPois:     It protects you from poison.
   Will:      It increases your willpower.
 C - a ring of protection from cold
 D - the amulet "Yroix" {Faith +Inv Int+4}
   (You found it in a wizard's laboratory)

   [amulet of faith]

   It allows you to gain divine favour quickly.
   Int:       It affects your intelligence (+4).
   +Inv:      It lets you turn invisible.
 M - the ring "Ummug" (left hand) {EV+5 Int+5}
   (You found it in a Gauntlet)

   [ring of evasion]

   EV:        It affects your evasion (+5).
   Int:       It affects your intelligence (+5).
 R - a ring of resist corrosion
 W - a ring of willpower
Wands
 b - a wand of mindburst (16)
 g - a wand of polymorph (5)
 s - a wand of flame (39)
 v - a wand of light (9)
 x - a wand of paralysis (17)
 H - a wand of digging (24)
 O - a wand of iceblast (14)
Scrolls
 d - 28 scrolls of identify {@r1}
 k - 5 scrolls of blinking
 l - 20 scrolls of teleportation {@r2}
 p - 3 scrolls of enchant weapon
 r - 3 scrolls of fog
 y - 14 scrolls of poison
 U - 3 scrolls of enchant armour
Potions
 c - 5 potions of ambrosia
 h - 6 potions of mutation
 t - a potion of might
 z - 4 potions of curing {@q1}
 J - a potion of haste {@q3}
 L - 5 potions of flight
 S - 2 potions of resistance
Miscellaneous
 B - a piece from Xom's chessboard (15/15)
 I - a phial of floods
 K - a condenser vane (inert)
 Q - a lightning rod (4/4)

Dungeon Overview and Level Annotations

Branches:
Dungeon (15/15)            Temple (1/1) D:7            Lair (5/5) D:9
  Swamp (0/4) Lair:3       Spider (4/4) Lair:3        Slime (0/5) Lair:4
    Orc (2/2) D:12            Elf (0/3) Orc:2        Vaults (4/5) D:13
  Crypt (0/3) Vaults:2     Depths (0/4) D:15        Ossuary (visited)
 Bailey (visited)          WizLab (1/1)             Gauntlet (visited)

Altars:
Ashenzari
Cheibriados
Dithmenos
Elyvilon
Fedhas
Gozag
Hepliaklqana
Kikubaaqudgha
Makhleb
Nemelex Xobeh
Okawaru
Qazlal
Ru
Sif Muna
Trog
Uskayaw
Vehumet
Wu Jian
Xom
Yredelemnul
Zin
The Shining One
Jiyva

Shops:
D:5 [   D:6 *[[(   D:9 **(*(==   D:12 [(   Orc:2 *=:*[   Vaults:1 !
Vaults:2 ?

Annotations:
D:11 3 runed translucent doors, Pimp's ghost, journeyman AtFi
Lair:2 1 runed translucent door, Takou's ghost, journeyman AtFi
Lair:3 3 runed translucent doors, exclusion: oklob plant, SkeletonJelly's ghost, journeyman SpDe

▒▒▒ ▒▒▒ ▒▒▒ !!!▒▒▒▒!▒▒▒
▒▒▒▒ ▒∩▒ ...!▒....!▒
▒...▒▒▒'▒▒▒ .X.......!
.....#...#. uH.......▒
....e#...#. .X.......▒
...ou#...#u .........▒
▒▒▒▒▒#...#▒ ▒▒H▒
▒..▒▒▒▒'▒▒▒ ▒@.▒
....▒#...#. ▒▒▒▒ ▒..▒
.§.uu#...#o ▒▒..▒▒▒▒..▒
...uu#...#. ▒..:.▒▒...▒
...u▒#...#. ▒....'...▒▒
▒..▒▒▒▒'▒▒▒ ▒....▒...▒
▒▒▒▒.#...#. ▒▒.▒▒▒▒▒'▒▒
▒▒▒..#...#x
▒▒▒▒▒▒...▒▒▒▒....p#...#x
▒▒▒▒.........▒....e#...#▒


You could see Cigotuvi's Monster.


Message History

You are too injured to fight recklessly!
You are too injured to fight recklessly!
You are too injured to fight recklessly!
You are too injured to fight recklessly!
You are too injured to fight recklessly!
You are too injured to fight recklessly!
You are too injured to fight recklessly!
You are too injured to fight recklessly!
You are too injured to fight recklessly!
You are too injured to fight recklessly!
You are too injured to fight recklessly!
You perforate Cigotuvi's Monster like a sieve!!!
You bite Cigotuvi's Monster, but do no damage.
Cigotuvi's Monster is severely wounded.
Cigotuvi's Monster hits you!!
* * * LOW HITPOINT WARNING * * *
Cigotuvi's Monster tramples you.
* * * LOW HITPOINT WARNING * * *
You are held in place!
Cigotuvi's Monster stings you but does no damage.
Cigotuvi's Monster constricts you!!
* * * LOW HITPOINT WARNING * * *
You feel much better. Cigotuvi's Monster hits you!
* * * LOW HITPOINT WARNING * * *
Cigotuvi's Monster tramples you!
* * * LOW HITPOINT WARNING * * *
You are held in place!
Cigotuvi's Monster barely misses you. Cigotuvi's Monster constricts you!!
You die...
Your body crumbles into a pile of gold.

Skill      XL: |  1  2  3  4  5  6  7  8  9 10 11 12 13 14 15 16 17 18 19 |
---------------+----------------------------------------------------------+-----
Shields        | 4 5 7 9 11 13 17 19 | 19.7
Maces & Flails | 3 7 8 10 11 12 13 15 16 | 16.0
Armour         | 5 7 9 10 11 14 16 18 20 | 20.7
Dodging        | 4 |  4.8
Fighting       | 5 9 10 13 16 18 20 | 20.5

Action                     |  1- 3 |  4- 6 |  7- 9 | 10-12 | 13-15 | 16-18 | 19-21 || total
---------------------------+-------+-------+-------+-------+-------+-------+-------++-------
  Melee: Flail             |    95 |   121 |   346 |   248 |       |       |       ||   810
         Kick              |     8 |    32 |    28 |       |       |       |       ||    68
         Morningstar       |       |       |       |   420 |   989 |  1191 |   485 ||  3085
         Bite              |       |       |       |       |       |    84 |    85 ||   169
 Invoke: Call Merchant     |       |       |       |     2 |     3 |     1 |       ||     6
  Evoke: Wand              |       |       |     7 |     8 |     3 |     4 |       ||    22
         Condenser vane    |       |       |       |     1 |     2 |     4 |     2 ||     9
    Use: Scroll            |     5 |     6 |     5 |    15 |    15 |     8 |     3 ||    57
         Potion            |     2 |     2 |     4 |     4 |     6 |    12 |     5 ||    35
   Stab: Invisible         |       |       |     6 |       |     1 |     2 |       ||     9
         Distracted        |       |       |       |     3 |     5 |    13 |     5 ||    26
         Petrified         |       |       |       |     6 |     1 |       |       ||     7
         Fleeing           |       |       |       |       |     1 |       |       ||     1
         Held in net/web   |       |       |       |       |       |     2 |       ||     2
 Armour: Scale mail        |    59 |    76 |    69 |       |       |       |       ||   204
         Chain mail        |       |       |   158 |   317 |   423 |   698 |   312 ||  1908
  Dodge: Dodged            |    59 |    53 |   138 |   144 |   378 |   727 |   275 ||  1774
  Block: Buckler           |    30 |    31 |    83 |    28 |       |       |       ||   172
         Tower shield      |       |       |       |   825 |  1548 |       |       ||  2373
         Kite shield       |       |       |       |       |    71 |  1216 |   493 ||  1780

Levels and vault maps discovered:
D:1:      scummos_arrival_simple_fountains, layout_basic
D:2:      layout_basic, corexii_shack, minmay_tetromino_t2, uniq_robin
D:3:      layout_rooms, uniq_ijyb
D:4:      layout_cave_pods, mainiacjoe_overflow_catwalk, uniq_pikel
D:5:      minmay_angry_zag, layout_gridville, serial_shops, nicolae_square_shop,
          uniq_prince_ribbit1
D:6:      layout_basic, serial_shops, nicolae_shop_crystal, shop,
          nicolae_stop_n_shop_2, shop
D:7:      layout_cave_pods, minmay_temple_entry_mist, gup_ossuary_entry_pyramid
D:8:      layout_gridville, kennysheep_generic_room_16, uniq_maggie
D:9:      layout_stronghold, grunt_lair_entry_orc_guard_hut, enter_bailey_2,
          serial_shops, nicolae_lakefront_shop, nicolae_specific_store
D:10:     layout_basic, jmf_multi_god_temple, nicolae_wu_jian_wuxing_cycle
D:11:     layout_stronghold, gauntlet_entry_generic, gammafunk_ghost_spectres
D:12:     layout_roguey, david_orc_3, fedhas_altar_3, uniq_lodul
D:13:     layout_basic, david_vaults_3, serial_shops, shop_coins,
          xom_teletrap_fun
D:14:     layout_basic, nicolae_uskayaw_murder_on_the_dancefloor, uniq_snorg
D:15:     grunt_enter_depths_hoard, layout_basic
Temple:   dpeg_three_leaves_temple
Lair:1:   layout_loops_ring, nicolae_quartered_pool_medium,
          nzn_sisyphean_effort, grunt_megastairs_4, serial_bayou_shore_a
Lair:2:   layout_cave_pods, ebering_ghost_reflecting_pool, uniq_urug
Lair:3:   beast_lair_carwin_large_4, layout_chaotic_city, swamp_mist,
          dummy_spider_entry, gammafunk_ghost_hydra_chop,
          grunt_forest_stairs_basic, lemuel_fruit_fields
Lair:4:   layout_cave_pods, minmay_slime_entry_pillars,
          infiniplex_staircase_pool, serial_bayou_shore_b, lemuel_fruit_tree,
          grunt_megastairs_3
Lair:5:   guppyfry_lair_end_dragon, layout_loops_ring, wormcave
Spider:1: spiders_nest_scorpion_pit, hangedman_spider_tarantella_strand
Spider:2: lemuel_spider_zombies
Spider:3: layout_spider_delve
Spider:4: grunt_spider_rune_circles, uniq_donald, uniq_mara, uniq_arachne
Orc:1:    layout_diamond_mine
Orc:2:    st_orc_pillars, layout_caves, serial_shops, shop_fountains,
          david_defended_altar_orc, uniq_nessos
Vaults:1: st_smaller_cells, hangedman_vaults_stagger, v_misc_8,
          nicolae_vaults_twisting_passages, vaults_mumra_chevron_long,
          v_rooms_1, vaults_room_pools, ontoclasm_vaults_hangar,
          ontoclasm_vaults_pinch, vaults_room_pool,
          vaults_room_grunt_arrival_ludios,
          vaults_room_grunt_arrival_checkpoint, layout_vaults_ring,
          serial_shops, nicolae_shop_temple_entry_statues_fountains, uniq_nikola
Vaults:2: v_misc_14, minmay_crypt_entry_necro_gods, ontoclasm_vaults_shuriken,
          nicolae_vaults_network_star, v_pattern_3, v_misc_11,
          nicolae_vaults_mini_display_case, nicolae_vaults_asterisk,
          nicolae_vaults_border_crossing, layout_vaults_chaotic_city,
          serial_shops, shop_statue, uniq_sojobo, uniq_xtahua, uniq_boris
Vaults:3: dpeg_vaults_monster_box, v_alt_pattern_3, ontoclasm_vaults_tryst,
          nicolae_vaults_little_squares_4, vaults_dpeg_diagonal,
          vaults_mumra_chevron, v_misc_24, v_misc_16, v_misc_18,
          nicolae_vaults_little_ls, nicolae_vaults_specimen_jars,
          ontoclasm_vaults_chip, layout_vaults_quadrants
Vaults:4: mu_enter_wizlab_3, v_misc_1, vaults_mumra_minichess,
          nicolae_vaults_stairing_the_circle, nicolae_vaults_shelves_hall,
          hangedman_vaults_unwind, v_rooms_2, v_misc_9,
          grunt_vaults_hallway_long, vaults_room_ringed_pool,
          nicolae_vaults_bisected_slash, ontoclasm_vaults_loading_screen,
          dpeg_vaults_waves, layout_vaults_omnibox, uniq_frederick
WizLab:   wizlab_cigotuvi

Notes
Turn   | Place    | Note
-------+----------+-------------------------------------------
     0 | D:1      | demibob the Gargoyle Fighter began the quest for the Orb.
     0 | D:1      | Reached XP level 1. HP: 14/14 MP: 1/1
   334 | D:1      | Reached XP level 2. HP: 19/19 MP: 2/2
   676 | D:1      | Gained mutation: Your spells are a little harder to cast,
                  | but a little more powerful. [potion of mutation]
   676 | D:1      | Gained mutation: Your mind is acute. (Int +4, Str/Dex -1)
                  | [potion of mutation]
   676 | D:1      | Gained mutation: You are partially covered in iridescent
                  | scales. (AC +2) [potion of mutation]
   677 | D:1      | Lost mutation: Your spells are a little harder to cast, but
                  | a little more powerful. [potion of mutation]
   677 | D:1      | Lost mutation: You are partially covered in iridescent
                  | scales. (AC +2) [potion of mutation]
   677 | D:1      | Lost mutation: Your mind is acute. (Int +4, Str/Dex -1)
                  | [potion of mutation]
   677 | D:1      | Gained mutation: You have hidden genetic potential. [potion
                  | of mutation]
   677 | D:1      | Gained mutation: You have sharp toenails. [potion of
                  | mutation]
   677 | D:1      | Gained mutation: You are frail. (-10% HP) [potion of
                  | mutation]
   762 | D:2      | Reached skill level 4 in Shields
   762 | D:2      | Reached XP level 3. HP: 20/20 MP: 3/3
   821 | D:2      | Reached skill level 3 in Maces & Flails
   834 | D:2      | Gained mutation: You are strong-willed. (Will+) [hidden
                  | potential]
   872 | D:2      | Reached XP level 4. HP: 24/25 MP: 4/4
   873 | D:2      | Noticed Robin
   900 | D:2      | Killed Robin
   948 | D:2      | Gained mutation: You have great hidden genetic potential.
                  | [hidden potential]
   948 | D:2      | Lost mutation: You have great hidden genetic potential.
                  | [hidden potential expressed]
  1615 | D:2      | Identified a scroll of acquirement
  1615 | D:2      | Acquired 637 gold pieces
  1726 | D:3      | Reached XP level 5. HP: 28/28 MP: 5/5
  1735 | D:3      | Noticed Ijyb
  1757 | D:3      | Killed Ijyb
  1758 | D:3      | Reached skill level 4 in Maces & Flails
  1758 | D:3      | Reached skill level 5 in Shields
  1963 | D:3      | Gained mutation: You are partially covered in iridescent
                  | scales. (AC +2) [hidden potential]
  2228 | D:4      | Noticed a lemure
  2229 | D:4      | Noticed Pikel
  2232 | D:4      | Noticed a lemure
  2234 | D:4      | Noticed a lemure
  2235 | D:4      | Noticed a lemure
  2242 | D:4      | Killed Pikel
  2243 | D:4      | Reached skill level 7 in Maces & Flails
  2243 | D:4      | Reached XP level 6. HP: 17/33 MP: 6/6
  2243 | D:4      | Reached XP level 7. HP: 18/36 MP: 7/7
  2254 | D:4      | Gained mutation: You are mostly covered in iridescent
                  | scales. (AC +4) [hidden potential]
  2254 | D:4      | Lost mutation: You have hidden genetic potential. [hidden
                  | potential expressed]
  2536 | D:4      | Noticed a hornet
  2551 | D:4      | Killed a hornet
  2552 | D:4      | Reached skill level 8 in Maces & Flails
  2552 | D:4      | Reached XP level 8. HP: 31/41 MP: 8/8
  2786 | D:4      | Found a shimmering altar of Xom.
  3243 | D:5      | Entered Level 5 of the Dungeon
  3385 | D:5      | Reached skill level 9 in Maces & Flails
  3853 | D:5      | Noticed Prince Ribbit
  3939 | D:5      | Found Derys's Armour Boutique.
  4039 | D:5      | Killed Prince Ribbit
  4040 | D:5      | Reached skill level 10 in Maces & Flails
  4040 | D:5      | Reached skill level 4 in Armour
  4166 | D:6      | Reached skill level 5 in Armour
  4166 | D:6      | Reached XP level 9. HP: 33/45 MP: 9/9
  4181 | D:6      | Found Faec's Antique Armour Emporium.
  4186 | D:6      | Bought a jasper-encrusted chain mail for 228 gold pieces
  4186 | D:6      | Identified the +4 chain mail of Nuujuoth {Will+ Slay+2
                  | SInv} (You bought it in a shop on level 6 of the Dungeon)
  4375 | D:6      | Reached skill level 1 in Dodging
  4379 | D:6      | Found Murathr Saff's Armour Boutique.
  4394 | D:6      | Found Fuffeih's Weapon Emporium.
  4767 | D:6      | Found Eshrehat's General Store.
  4775 | D:6      | Reached skill level 2 in Dodging
  5147 | D:7      | Reached skill level 11 in Maces & Flails
  5163 | D:7      | Reached skill level 3 in Dodging
  5229 | D:7      | Reached skill level 4 in Dodging
  5239 | D:7      | Reached XP level 10. HP: 39/50 MP: 10/10
  5522 | D:7      | Found a sand-covered staircase.
  5528 | Ossuary  | Entered an ossuary
  5634 | Ossuary  | Reached skill level 12 in Maces & Flails
  5956 | D:7      | Found a staircase to the Ecumenical Temple.
  5978 | Temple   | Entered the Ecumenical Temple
  6060 | Temple   | Became a worshipper of Gozag Ym Sagoz the Greedy
  6386 | D:5      | Bought the +10 tower shield of Ignorance {rN+ Int-4} for
                  | 802 gold pieces
  6386 | D:5      | Found the +10 tower shield of Ignorance {rN+ Int-4}
  7096 | D:8      | Noticed Maggie
  7129 | D:8      | Killed Maggie
  7375 | D:8      | Acquired a +5 morningstar of holy wrath
  7517 | D:8      | Reached skill level 6 in Armour
  7517 | D:8      | Reached skill level 6 in Shields
  7566 | D:9      | Found Housk's Specific Store.
  7568 | D:9      | Found Syhasilo's General Store.
  7612 | D:9      | Found a flagged portal.
  7621 | Bailey   | Entered a bailey
  7713 | Bailey   | Noticed an orc high priest
  7735 | Bailey   | Noticed a rust devil
  7735 | Bailey   | Noticed a sun demon
  7738 | Bailey   | Killed an orc high priest
  7756 | Bailey   | Reached skill level 7 in Armour
  7756 | Bailey   | Reached skill level 7 in Shields
  7766 | Bailey   | Found an iron altar of Okawaru.
  7766 | Bailey   | Noticed an orc sorcerer
  7781 | Bailey   | Killed an orc sorcerer
  7782 | Bailey   | Reached XP level 11. HP: 54/54 MP: 11/11
  7843 | Bailey   | Reached skill level 13 in Maces & Flails
  7870 | Bailey   | Acquired 1027 gold pieces
  8362 | D:9      | Reached skill level 8 in Armour
  8362 | D:9      | Reached skill level 8 in Shields
  8660 | D:9      | Found Ocakigask's Jewellery Shoppe.
  8894 | D:9      | Found a staircase to the Lair.
  9093 | D:9      | Bought the ring of Shadows {Umbra +Inv Stlth+} for 560 gold
                  | pieces
  9093 | D:9      | Found the ring of Shadows {Umbra +Inv Stlth+}
  9093 | D:9      | Bought the ring "Wyess" {rPois rF+ Will+} for 554 gold
                  | pieces
  9097 | Lair:1   | Entered Level 1 of the Lair of Beasts
  9143 | Lair:1   | Reached skill level 9 in Armour
  9202 | Lair:1   | Reached skill level 9 in Shields
  9213 | Lair:1   | Noticed a catoblepas
  9232 | Lair:1   | Killed a catoblepas
  9336 | Lair:1   | Reached XP level 12. HP: 57/57 MP: 12/12
  9344 | Lair:1   | Reached skill level 14 in Maces & Flails
  9571 | Lair:1   | Noticed a boulder beetle
  9588 | Lair:1   | Killed a boulder beetle
  9589 | Lair:1   | Reached skill level 10 in Armour
  9589 | Lair:1   | Reached skill level 10 in Shields
  9982 | Lair:2   | Found a runed translucent door.
 10081 | Lair:2   | Noticed a four-headed hydra
 10090 | Lair:2   | Killed a four-headed hydra
 10488 | Lair:2   | Noticed Urug
 10501 | Lair:2   | Killed Urug
 10936 | Lair:2   | Noticed Takou's ghost (journeyman AtFi)
 11012 | Lair:3   | Reached skill level 4 in Fighting
 11035 | Lair:3   | Reached skill level 11 in Shields
 11159 | Lair:3   | Reached skill level 5 in Fighting
 11229 | Lair:3   | Noticed a skyshark
 11243 | Lair:3   | Found a hole to the Spider Nest.
 11246 | Lair:3   | Killed a skyshark
 11377 | Lair:3   | Reached skill level 15 in Maces & Flails
 11377 | Lair:3   | Reached XP level 13. HP: 54/66 MP: 13/13
 11403 | Lair:3   | Found a runed translucent gate.
 11403 | Lair:3   | Found a runed translucent gate.
 11404 | Lair:3   | Found a runed translucent gate.
 11406 | Lair:3   | Noticed SkeletonJelly's ghost (journeyman SpDe)
 11514 | Lair:3   | Reached skill level 6 in Fighting
 11599 | Lair:3   | Found a staircase to the Swamp.
 11949 | Lair:3   | Identified a potion of resistance
 12034 | Lair:4   | Reached skill level 12 in Shields
 12361 | Lair:4   | Reached skill level 7 in Fighting
 12392 | Lair:4   | Found a viscous altar of Jiyva.
 12392 | Lair:4   | Found a staircase to the Slime Pits.
 12903 | Lair:5   | Entered Level 5 of the Lair of Beasts
 12983 | Lair:5   | Reached skill level 8 in Fighting
 13162 | Lair:5   | Noticed a fire dragon
 13172 | Lair:5   | Killed a fire dragon
 13179 | Lair:5   | Reached skill level 13 in Shields
 13342 | Lair:5   | Reached skill level 16 in Maces & Flails
 13728 | Lair:5   | Found a runed translucent door.
 13728 | Lair:5   | Noticed a fire dragon
 13744 | Lair:5   | Killed a fire dragon
 13745 | Lair:5   | Reached skill level 9 in Fighting
 13826 | Lair:5   | Gained mutation: Your large and strong wings let you fly.
                  | [Gargoyle growth]
 13826 | Lair:5   | Reached XP level 14. HP: 56/77 MP: 14/14
 14116 | D:10     | Entered Level 10 of the Dungeon
 14117 | D:10     | Found an ornate altar of the Wu Jian Council.
 14431 | D:10     | Found an iron altar of Okawaru.
 14431 | D:10     | Found a snail-covered altar of Cheibriados.
 14595 | D:10     | Reached skill level 10 in Fighting
 14842 | D:11     | Found a runed translucent gate.
 14842 | D:11     | Found a runed translucent gate.
 14843 | D:11     | Found a runed translucent gate.
 14847 | D:11     | Found a gate leading to a gauntlet.
 14847 | D:11     | Noticed Pimp's ghost (journeyman AtFi)
 14854 | Gauntlet | Entered a Gauntlet
 14854 | Gauntlet | Found a transporter.
 14854 | Gauntlet | Found a transporter.
 14862 | Gauntlet | Found a transporter.
 14873 | Gauntlet | Found a transporter.
 14891 | Gauntlet | Found a transporter.
 14891 | Gauntlet | Found a transporter.
 14891 | Gauntlet | Found a transporter.
 14893 | Gauntlet | Found a transporter.
 14893 | Gauntlet | Found a transporter.
 14896 | Gauntlet | Noticed a quicksilver ooze
 14902 | Gauntlet | Found a runed translucent door.
 14902 | Gauntlet | Found a runed translucent door.
 14906 | Gauntlet | Found a transporter.
 14923 | Gauntlet | Found a runed translucent gate.
 14924 | Gauntlet | Found a transporter.
 14924 | Gauntlet | Found a runed translucent gate.
 14925 | Gauntlet | Found a runed translucent gate.
 14927 | Gauntlet | Noticed a cacodemon
 14934 | Gauntlet | Found a transporter.
 14949 | Gauntlet | Found a transporter.
 14969 | Gauntlet | Found a transporter.
 15022 | Gauntlet | Identified the ring "Ummug" {EV+5 Int+5}
 15116 | Gauntlet | Killed a quicksilver ooze
 15117 | Gauntlet | Reached skill level 14 in Shields
 15152 | Gauntlet | Identified the ring "Osteojuul" {Int+5 Dex+6}
 15946 | D:12     | Noticed Lodul
 15956 | D:12     | Killed Lodul
 16011 | D:12     | Found a staircase to the Orcish Mines.
 16015 | D:12     | Reached skill level 15 in Shields
 16098 | D:12     | Found a blossoming altar of Fedhas.
 16498 | D:13     | Found a gate to the Vaults.
 16511 | D:13     | Reached skill level 16 in Shields
 16769 | D:13     | Found a shimmering altar of Xom.
 16817 | D:13     | You are sucked into a shaft and drop 1 floor!
 16820 | D:14     | Noticed Snorg
 16837 | D:14     | Killed Snorg
 16863 | D:14     | Reached skill level 17 in Shields
 16997 | D:14     | Reached XP level 15. HP: 72/82 MP: 12/15
 17021 | D:14     | Found a hide-covered altar of Uskayaw.
 17768 | D:15     | Entered Level 15 of the Dungeon
 17900 | D:15     | Reached skill level 18 in Shields
 18265 | D:15     | Reached skill level 19 in Shields
 18520 | D:15     | Found a staircase to the Depths.
 18789 | Orc:1    | Entered Level 1 of the Orcish Mines
 19084 | Orc:2    | Entered Level 2 of the Orcish Mines
 19084 | Orc:2    | Noticed Nessos
 19113 | Orc:2    | Killed Nessos
 19353 | Orc:2    | Found Galeic's General Store.
 19359 | Orc:2    | Bought a scroll of acquirement for 624 gold pieces
 19359 | Orc:2    | Acquired 743 gold pieces
 19368 | Orc:2    | Found a staircase to the Elven Halls.
 19624 | Orc:1    | Noticed an orc warlord
 19645 | Orc:1    | Killed an orc warlord
 20293 | Orc:2    | Gained mutation: You are weak. (Str -2) [a neqoxec]
 20522 | Orc:2    | Found Reighiji's Jewellery Shoppe.
 20523 | Orc:2    | Found Ygogh's Assorted Antiques.
 20523 | Orc:2    | Found Reschu's Book Shoppe.
 20524 | Orc:2    | Found Utiw's Antique Armour Shoppe.
 20537 | Orc:2    | Reached skill level 11 in Armour
 20930 | D:12     | Bought a polished lajatang for 660 gold pieces
 20930 | D:12     | Identified the +9 lajatang of the Pit {heavy, *Noise rF+++
                  | rCorr Int+6} (You bought it in a shop on level 12 of the
                  | Dungeon)
 20933 | D:12     | Bought the +2 shield of Resistance {rF++ rC++ Will++} for
                  | 2256 gold pieces
 20933 | D:12     | Found the +2 shield of Resistance {rF++ rC++ Will++}
 21036 | Spider:1 | Entered Level 1 of the Spider Nest
 21236 | Spider:1 | Reached XP level 16. HP: 71/87 MP: 12/16
 21241 | Spider:1 | Reached skill level 11 in Fighting
 21572 | Spider:1 | Reached skill level 12 in Armour
 22200 | Spider:1 | Reached skill level 12 in Fighting
 22570 | Spider:2 | Reached skill level 13 in Armour
 22954 | Spider:2 | Reached skill level 13 in Fighting
 23268 | Spider:2 | Reached skill level 14 in Armour
 23683 | Spider:3 | Identified the +2 robe "Qiuces" {Dex+2}
 23873 | Spider:3 | Reached XP level 17. HP: 96/99 MP: 17/17
 23874 | Spider:3 | Reached skill level 14 in Fighting
 24703 | Spider:4 | Entered Level 4 of the Spider Nest
 24704 | Spider:4 | Noticed Arachne
 24753 | Spider:4 | Killed Arachne
 24754 | Spider:4 | Reached skill level 15 in Armour
 25009 | Spider:4 | Acquired 1024 gold pieces
 25136 | Spider:4 | Reached skill level 15 in Fighting
 25416 | Spider:3 | Lost mutation: You are strong-willed. (Will+) [potion of
                  | mutation]
 25416 | Spider:3 | Lost mutation: You are frail. (-10% HP) [potion of
                  | mutation]
 25416 | Spider:3 | Lost mutation: You have sharp toenails. [potion of
                  | mutation]
 25416 | Spider:3 | Gained mutation: You occasionally lose the ability to drink
                  | potions when taking damage. [potion of mutation]
 25417 | Spider:3 | Lost mutation: You are mostly covered in iridescent scales.
                  | (AC +4) [potion of mutation]
 25417 | Spider:3 | Lost mutation: You are weak. (Str -2) [potion of mutation]
 25417 | Spider:3 | Gained mutation: You are mostly covered in iridescent
                  | scales. (AC +4) [potion of mutation]
 25417 | Spider:3 | Gained mutation: You expend magic power (3 MP) to
                  | strengthen your wands. [potion of mutation]
 25448 | Spider:3 | Lost mutation: You expend magic power (3 MP) to strengthen
                  | your wands. [potion of mutation]
 25448 | Spider:3 | Lost mutation: You occasionally lose the ability to drink
                  | potions when taking damage. [potion of mutation]
 25448 | Spider:3 | Gained mutation: Your natural rate of healing is unusually
                  | fast. [potion of mutation]
 25448 | Spider:3 | Gained mutation: You have very sharp teeth. [potion of
                  | mutation]
 25507 | Spider:4 | Reached skill level 16 in Armour
 25553 | Spider:4 | Reached skill level 16 in Fighting
 25786 | Spider:4 | Got a gossamer rune of Zot
 25887 | Spider:4 | Noticed Mara
 25898 | Spider:4 | Noticed demibob's illusion
 25919 | Spider:4 | Killed Mara
 26011 | Spider:4 | Noticed Donald
 26019 | Spider:4 | Killed Donald
 26020 | Spider:4 | Reached XP level 18. HP: 118/121 MP: 18/18
 26695 | Vaults:1 | Entered Level 1 of the Vaults
 26820 | Vaults:1 | Reached skill level 17 in Armour
 27069 | Vaults:1 | Reached skill level 17 in Fighting
 27344 | Vaults:1 | Noticed Nikola
 27357 | Vaults:1 | Killed Nikola
 27461 | Vaults:1 | Identified the ring "Awniq" {*Slow rF+ Int+4 Dex+6}
 27744 | Vaults:1 | Found Laesar's Distillery.
 27964 | Vaults:1 | Reached skill level 18 in Armour
 28161 | Vaults:2 | Reached skill level 18 in Fighting
 28278 | Vaults:2 | Found Bihij's Magic Scroll Boutique.
 28286 | Vaults:2 | Bought a scroll of enchant armour for 105 gold pieces
 28499 | Vaults:2 | Reached XP level 19. HP: 117/131 MP: 15/19
 28787 | Vaults:2 | Noticed Boris
 28789 | Vaults:2 | Noticed Xtahua
 28801 | Vaults:2 | Killed Boris
 28802 | Vaults:2 | Reached skill level 19 in Armour
 28809 | Vaults:2 | Killed Xtahua
 29058 | Vaults:2 | Noticed Sojobo
 29065 | Vaults:2 | Reached skill level 19 in Fighting
 29080 | Vaults:2 | Killed Sojobo
 29210 | Vaults:2 | Found a staircase to the Crypt.
 29210 | Vaults:2 | Found an ancient bone altar of Kikubaaqudgha.
 29211 | Vaults:2 | Found a basalt altar of Yredelemnul.
 29884 | Vaults:3 | You are sucked into a shaft and drop 1 floor!
 30046 | Vaults:4 | Reached skill level 20 in Armour
 30126 | Vaults:4 | Reached skill level 20 in Fighting
 30207 | Vaults:4 | Noticed an ancient lich
 30211 | Vaults:4 | Found a magical portal.
 30220 | WizLab   | Entered Cigotuvi's Fleshworks
 30446 | WizLab   | Reached XP level 20. HP: 127/140 MP: 17/20
 30452 | WizLab   | Paralysed by a floating eye for 2 turns
 30619 | WizLab   | Identified the amulet "Yroix" {Faith +Inv Int+4}
 30787 | WizLab   | Got Tegrian's Book of the Xenotype
 30789 | WizLab   | Got Cigotuvi's Quarto of Transmigration and Debased
                  | Mysteries
 30874 | WizLab   | Constricted to death by Cigotuvi's Monster

Vanquished Creatures
  Mara (Spider:4)
  Sojobo (Vaults:2)
  Boris (Vaults:2)
  Xtahua (Vaults:2)
  Arachne (Spider:4)
  A sphinx (Vaults:1)
  2 tengu reavers (Vaults:2)
  Donald (Spider:4)
  11 emperor scorpions
  9 vault wardens
  7 ghost moths
  An orc warlord (Orc:1)
  2 stone giants
  2 broodmothers
  5 very ugly things
  4 ironbound thunderhulks
  14 ironbound preservers
  3 war gargoyles (Vaults:4)
  A quicksilver ooze (Gauntlet)
  4 dire elephants (Vaults:2)
  2 spark wasps
  A minotaur (Gauntlet)
  Nessos (Orc:2)
  Snorg (D:14)
  An ettin (Vaults:1)
  3 fire dragons
  6 entropy weavers
  An entropy weaver (shapeshifter) (WizLab)
  2 crystal guardians
  6 yaktaur captains
  5 great orbs of eyes
  5 hydras
  6 vault guards
  4 peacekeepers
  An ice dragon (D:15)
  An ogre mage (D:15)
  2 jorogumos
  5 radroaches
  A death knight (D:14)
  8 ironbound frosthearts
  3 catoblepae
  12 centaur warriors
  2 tengu warriors
  3 boulder beetles
  8 two-headed ogres
  Urug (Lair:2)
  6 orc high priests
  A fire crab (shapeshifter) (WizLab)
  4 skeletal warriors (D:15)
  3 skysharks
  A sun moth (Spider:4)
  9 pharaoh ants
  Lodul (D:12)
  A swamp dragon (Lair:5)
  19 deep trolls
  A deep elf archer (D:13)
  9 orb spiders
  A glowing orange brain (Vaults:4)
  5 wizards
  12 steelbarb worms
  7 ironbound convokers
  5 wolf spider zombies (Spider:2)
  A harpy (Vaults:1)
  4 necromancers
  5 lindwurms
  A deep elf pyromancer (D:12)
  5 orc knights
  Pikel (D:4)
  25 wolf spiders
  A tengu skeleton (Vaults:2)
  3 orc sorcerers
  11 ugly things
  2 cyclopes (shapeshifter)
  2 manticores
  A moth of wrath (shapeshifter) (WizLab)
  A moth of wrath (Spider:3)
  A salamander (shapeshifter) (WizLab)
  6 elephants (Lair:5)
  13 vault sentinels
  12 torpor snails
  2 gargoyles
  4 demonic crawlers
  4 black mambas
  11 cane toads
  Maggie (D:8)
  8 redback zombies (Spider:2)
  A cane toad (shapeshifter) (WizLab)
  A freezing wraith (D:15)
  A yaktaur (shapeshifter) (WizLab)
  2 unseen horrors (D:10)
  24 yaktaurs
  17 komodo dragons
  2 efreet (D:15)
  5 trolls
  A troll (shapeshifter) (WizLab)
  3 meliai (shapeshifter) (WizLab)
  4 tyrant leeches (Lair:5)
  A hornet (shapeshifter) (WizLab)
  A queen bee (shapeshifter) (WizLab)
  A tarantella (shapeshifter) (WizLab)
  17 hornets
  26 tarantellas
  5 large abominations (WizLab)
  2 polar bears (shapeshifter)
  A raiju (shapeshifter) (WizLab)
  Prince Ribbit (D:5)
  10 culicivora zombies (Spider:2)
  6 tarantella zombies (Spider:2)
  34 slime creatures
  11 blink frogs
  25 jumping spiders
  2 jumping spiders (shapeshifter) (WizLab)
  2 vampires
  15 culicivoras
  2 basilisks
  3 shadows
  16 humans (D:13)
  An elf simulacrum (Vaults:2)
  A water elemental (D:13)
  42 yaks
  A hog (shapeshifter) (WizLab)
  6 steam dragons
  A golden eye (shapeshifter) (WizLab)
  65 redbacks
  A basilisk (shapeshifter) (WizLab)
  An iron golem (WizLab)
  A glowing shapeshifter zombie (Vaults:2)
  5 wargs
  An acid dragon (shapeshifter) (WizLab)
  10 water moccasins
  A floating eye (shapeshifter) (WizLab)
  2 acid dragons
  4 floating eyes (WizLab)
  6 small abominations (WizLab)
  38 orc warriors
  2 black bears
  A sky beast (D:7)
  An ice beast (D:5)
  An ogre (shapeshifter) (WizLab)
  17 ogres
  5 boggarts (Vaults:1)
  15 wolves
  A tengu (shapeshifter) (WizLab)
  A wolf (shapeshifter) (WizLab)
  16 centaurs
  2 human skeletons (Vaults:2)
  3 kobold brigands
  12 bullfrogs
  3 gnoll sergeants
  6 scorpions
  3 wights (D:9)
  12 killer bees
  9 electric eels
  6 jellies
  5 hounds
  36 orc priests
  2 sleepcaps
  2 gnoll boudas
  Ijyb (D:3)
  8 iguanas (Lair:3)
  14 orc wizards
  9 mummies
  Robin (D:2)
  31 gnolls
  11 adders
  2 shadow imps
  3 white imps
  2 dart slugs
  2 worms
  74 orcs
  11 endoplasms
  2 giant cockroaches
  A gnoll zombie (Ossuary)
  13 hobgoblins
  5 jackals
  3 quokkas
  6 ball pythons
  3 bats
  3 frilled lizards
  21 goblins
  2 hobgoblin zombies (Ossuary)
  17 kobolds
  2 kobold zombies (Ossuary)
  3 orc zombies (Ossuary)
  2 rats
1215 creatures vanquished.

Vanquished Creatures (others)
  Nikola (Vaults:1)
  An ironbound frostheart (Vaults:1)
  A deep troll (Vaults:2)
  A vault sentinel (Vaults:1)
  A redback (Spider:4)
  An orc (D:12)
  A demonic plant (Gauntlet)
  4 fungi
  27 plants
38 creatures vanquished.

Grand Total: 1253 creatures vanquished

Table legend: (Time is in decaauts)
 A = Elapsed time spent in this place.
 B = Non-inter-level travel time spent in this place.
 C = Inter-level travel time spent in this place.
 D = Time resting spent in this place.
 E = Time spent auto-exploring this place.
 F = Levels seen in this place.
 G = Mean time per level.
                   A        B        C        D        E       F      G
               +--------+--------+--------+--------+--------+-----+--------+
         Total |  31477 |  29946 |   1531 |   1110 |  21306 |  35 |  899.3 |
       Dungeon |  12906 |  12178 |    728 |    218 |   9352 |  15 |  860.4 |
        Temple |     87 |     82 |      5 |      0 |     58 |   1 |   87.0 |
          Lair |   5520 |   5238 |    282 |    188 |   3891 |   5 | 1104.0 |
   Spider Nest |   5431 |   5154 |    277 |    322 |   3461 |   4 | 1357.8 |
  Orcish Mines |   2171 |   2007 |    164 |    307 |   1257 |   2 | 1085.5 |
        Vaults |   3526 |   3454 |     72 |     36 |   2302 |   4 |  881.5 |
       Ossuary |    225 |    225 |      0 |      0 |    112 |   1 |  225.0 |
        Bailey |    611 |    611 |      0 |      5 |    357 |   1 |  611.0 |
        Wizlab |    660 |    660 |      0 |     34 |    373 |   1 |  660.0 |
      Gauntlet |    337 |    337 |      0 |      0 |    141 |   1 |  337.0 |
               +--------+--------+--------+--------+--------+-----+--------+

Top non-repeatable levels by time:
Vaults:2: 1644 daAuts
   Orc:2: 1508 daAuts
Spider:4: 1493 daAuts
Spider:2: 1420 daAuts
Vaults:1: 1410 daAuts
Spider:3: 1394 daAuts
  Lair:3: 1269 daAuts
  Lair:5: 1246 daAuts
  Lair:2: 1182 daAuts
     D:9: 1135 daAuts
Spider:1: 1122 daAuts
     D:8: 1044 daAuts
     D:4: 1042 daAuts
     D:2: 1011 daAuts
     D:5: 997 daAuts

Table legend:
 A = Non-vault XP
 B = Vault XP
 C = Vault XP percentage of total XP
 D = Non-vault monster count
 E = Vault monster count
 F = Vault count percentage of total count
                 A         B        C        D         E       F
            +---------+---------+-------+---------+---------+-------
      Total |  212266 |  198731 |  48.4 |     728 |     490 |  40.2
            +---------+---------+-------+---------+---------+-------
        D:1 |      30 |       0 |   0.0 |      18 |       0 |   0.0
        D:2 |      85 |      45 |  34.6 |      21 |      16 |  43.2
        D:3 |      28 |      36 |  56.2 |      14 |       1 |   6.7
        D:4 |     652 |     593 |  47.6 |      17 |       1 |   5.6
        D:5 |     219 |     600 |  73.3 |       9 |       7 |  43.8
        D:6 |     813 |       0 |   0.0 |      13 |       0 |   0.0
        D:7 |    1968 |      18 |   0.9 |      26 |       1 |   3.7
        D:8 |    1280 |     649 |  33.6 |      24 |       4 |  14.3
        D:9 |    2767 |     628 |  18.5 |      34 |       4 |  10.5
       D:10 |     992 |     317 |  24.2 |       8 |       2 |  20.0
       D:11 |    4198 |       0 |   0.0 |      14 |       0 |   0.0
       D:12 |    4301 |    2054 |  32.3 |      23 |      17 |  42.5
       D:13 |    2837 |    6033 |  68.0 |      12 |      20 |  62.5
       D:14 |    9409 |     967 |   9.3 |      17 |       1 |   5.6
       D:15 |   13802 |    1761 |  11.3 |      29 |       2 |   6.5
     Lair:1 |    5036 |    2512 |  33.3 |      23 |       8 |  25.8
     Lair:2 |    4123 |     810 |  16.4 |      14 |       1 |   6.7
     Lair:3 |    6357 |    2753 |  30.2 |      21 |      15 |  41.7
     Lair:4 |    7340 |     553 |   7.0 |      25 |       4 |  13.8
     Lair:5 |    7153 |   10114 |  58.6 |      22 |      28 |  56.0
   Spider:1 |   12682 |    7865 |  38.3 |      27 |      20 |  42.6
   Spider:2 |   20477 |   10766 |  34.5 |      46 |      30 |  39.5
   Spider:3 |   17712 |       0 |   0.0 |      47 |       0 |   0.0
   Spider:4 |   28569 |   26303 |  47.9 |      61 |      39 |  39.0
      Orc:1 |    3501 |       0 |   0.0 |      38 |       0 |   0.0
      Orc:2 |    1834 |    9984 |  84.5 |      26 |      62 |  70.5
   Vaults:1 |   14142 |   29340 |  67.5 |      34 |      37 |  52.1
   Vaults:2 |   23266 |   34959 |  60.0 |      38 |      35 |  47.9
   Vaults:3 |    4060 |       0 |   0.0 |       9 |       0 |   0.0
   Vaults:4 |   12633 |   25834 |  67.2 |      18 |      31 |  63.3
    Ossuary |       0 |     153 | 100.0 |       0 |      16 | 100.0
     Bailey |       0 |    3152 | 100.0 |       0 |      36 | 100.0
     WizLab |       0 |   17856 | 100.0 |       0 |      50 | 100.0
   Gauntlet |       0 |    2076 | 100.0 |       0 |       2 | 100.0
            +---------+---------+-------+---------+---------+-------
